 Dungeon Crawl Stone Soup version 0.23-a0-171-g5ae17c6 (webtiles) character file.

1397 HAL9000 the Vexing (level 8, 0/36 HPs)
             Began as a Vine Stalker Enchanter on Sept 12, 2018.
             Slain by an ogre
             ... wielding a +0 giant club
              (19 damage)
             ... on level 6 of the Dungeon on Sept 13, 2018.
             The game lasted 00:23:39 (6360 turns).

HAL9000 the Vexing (Vine Stalker Enchanter)         Turns: 6360, Time: 00:23:39

Health: 0/36       AC:  2    Str: 12    XL:     8   Next: 69%
Magic:  0/12       EV: 12    Int: 16    God:
Gold:   185        SH:  0    Dex: 15    Spells: 1/12 levels left

rFire    . . .     SeeInvis .   a - +1 dagger
rCold    . . .     Gourm    .   (no shield)
rNeg     . . .     Faith    .   b - +0 robe
rPois    .         Spirit   +   (no helmet)
rElec    .         Reflect  .   (no cloak)
rCorr    .         Harm     .   (no gloves)
MR       +....                  (no boots)
Stlth    +++.......             p - amulet of rage
HPRegen  0.52/turn              (no ring)
MPRegen  0.13/turn              (no ring)

@: no status effects
A: fangs 3, regeneration 1, magic shield, antimagic bite, no potion heal 3, rot
immunity
a: Evoke Berserk Rage


You were on level 6 of the Dungeon.
You were near starving.

You visited 2 branches of the dungeon, and saw 7 of its levels.

You collected 185 gold pieces.

Inventory:

Hand Weapons
 a - a +1 dagger (weapon)
 y - a -1 rapier
 E - a +0 dagger of chaos
Missiles
 f - 2 javelins (quivered)
 v - 3 tomahawks
Armour
 b - a +0 robe (worn)
Jewellery
 p - an amulet of rage (around neck)
Wands
 F - a wand of enslavement (12)
 L - a wand of polymorph (14)
 M - a wand of disintegration (11)
Scrolls
 r - a scroll of amnesia
 s - a scroll of random uselessness {unknown}
 z - a scroll of blinking
 B - a scroll of remove curse
 C - a scroll of magic mapping {unknown}
 I - 3 scrolls of teleportation
 N - 2 scrolls of fog {unknown}
Potions
 e - a potion of curing
 g - 2 potions of agility {unknown}
 h - 3 potions of cancellation
 i - 2 potions of brilliance
 x - a potion of heal wounds {unknown}
 A - a potion of berserk rage {unknown}
 H - a potion of ambrosia {unknown}
 J - a potion of lignification {unknown}
 O - a potion of magic {unknown}
Comestibles
 d - 7 rations
 P - 2 chunks of flesh


   Skills:
 - Level 6.5 Short Blades
 - Level 1.5 Dodging
 + Level 4.1 Stealth
 + Level 2.6 Spellcasting
 + Level 7.9 Hexes


You had one spell level left.
You knew the following spells:

 Your Spells              Type           Power        Failure   Level  Hunger
a - Corona                Hex            ####...      1%          1    #......
b - Yara's Violent Unrav  Hex/Tmut       ##........   71%         5    ######.
x - Confuse               Hex            ####....     2%          3    ###....
z - Ensorcelled Hibernat  Hex/Ice        ##....       6%          2    ##.....

Your spell library contained the following spells:

 Spells                   Type           Power        Failure   Level  Hunger
 Confusing Touch          Hex            ####..       1%          1    #......
 Flame Tongue             Conj/Fire      #....        21%         1    #......
 Tukima's Dance           Hex            ####....     2%          3    ###....
 Dazzling Spray           Conj/Hex       ##....       12%         3    ###....
 Inner Flame              Hex/Fire       ##......     12%         3    ###....
 Throw Flame              Conj/Fire      #.....       30%         2    ##.....
 Conjure Flame            Conj/Fire      #.......     52%         3    ###....
 Gell's Gravitas          Tloc           #.........   52%         3    ###....
 Metabolic Englaciation   Hex/Ice        ##........   71%         5    ######.
 Petrify                  Tmut/Erth      #.......     89%         4    #####..
 Sticky Flame             Conj/Fire      #.......     89%         4    #####..
 Fireball                 Conj/Fire      #.........   99%         5    ######.


Dungeon Overview and Level Annotations

Branches:
Dungeon (6/15)             Temple (1/1) D:5

Altars:
Ashenzari
Cheibriados
Fedhas
Makhleb
Okawaru
Qazlal
Sif Muna
Uskayaw
Xom
Yredelemnul
The Shining One

Shops:
D:4 !


Innate Abilities, Weirdness & Mutations

You have razor-sharp teeth.
Your natural rate of healing is unusually fast.
When hurt, damage is shared between your health and your magic reserves.
Your bite disrupts and absorbs the magic of your enemies.
Potions cannot restore your health.
You are immune to rotting.


Message History

Confirm with . or Enter, or press ? or * to list all spells.
Aiming: Ensorcelled Hibernation (safe; 6% risk of failure)
Press: ? - help, Shift-Dir - straight line, f - orc wizard
Aim: an orc wizard, wielding a dagger and wearing a robe (chance to defeat MR: The orc wizard looks drowsy...
The helpless orc wizard fails to defend itself.
You impale the orc wizard!!
You kill the orc wizard!
Casting: Ensorcelled Hibernation (safe; 6% risk of failure)
Confirm with . or Enter, or press ? or * to list all spells.
Aiming: Confuse (safe; 2% risk of failure)
Press: ? - help, Shift-Dir - straight line, f - ogre
Aim: an ogre, wielding a giant club (hasn't noticed you, chance to defeat MR:
Okay, then.
The ogre hits you with a giant club!!
Ouch! That really hurt!
* * * LOW HITPOINT WARNING * * *
The ogre hits you with a giant club!!
Ouch! That really hurt!
You die...

# .# .. ####.
##.. ....
...# #.. #..#
#.# #..#
###@### #..#
#.O...# #
#..#
###..<..##.#
.###..#
#..........#
.o....#
#.#.########.
.###.## #.#.#
# #.# #.###
#)# ###.# #.#
#...#


You could see an ogre.

Vanquished Creatures
  Pikel (D:4)
  An ice beast (D:6)
  A sky beast (D:4)
  A slave (D:5)
  An orc warrior (D:6)
  A scorpion (D:4)
  A crimson imp (D:4)
  A jelly (D:5)
  An orc priest (D:4)
  A centaur skeleton (D:4)
  3 hounds
  3 orc wizards
  2 iguanas
  3 worker ants (D:5)
  4 gnolls
  3 adders (D:2)
  An ooze (D:1)
  An adder skeleton (D:4)
  2 worms
  3 dart slugs
  4 leopard geckos
  8 orcs
  5 giant cockroaches
  10 goblins
  7 hobgoblins
  5 jackals (D:5)
  7 kobolds
  2 quokkas
  5 ball pythons
  A ball python zombie (D:6)
  12 bats
  7 frilled lizards
  A quokka skeleton (D:5)
  12 rats
121 creatures vanquished.

Vanquished Creatures (others)
  A worker ant (D:5)
1 creature vanquished.

Grand Total: 122 creatures vanquished

Notes
Turn   | Place    | Note
-------+----------+-------------------------------------------
     0 | D:1      | HAL9000 the Vine Stalker Enchanter began the quest for the
                  | Orb.
     0 | D:1      | Reached XP level 1. HP: 9/9 MP: 4/4
    27 | D:1      | Reached skill level 1 in Short Blades
    81 | D:1      | Reached XP level 2. HP: 13/13 MP: 6/6
    85 | D:1      | Learned a level 2 spell: Ensorcelled Hibernation
   492 | D:1      | Reached XP level 3. HP: 3/16 MP: 1/7
   818 | D:1      | Learned a level 3 spell: Confuse
  1833 | D:2      | Reached skill level 4 in Hexes
  1833 | D:2      | Gained mutation: Your natural rate of healing is unusually
                  | fast. [Vine Stalker growth]
  1833 | D:2      | Reached XP level 4. HP: 21/21 MP: 8/8
  2786 | D:3      | Reached XP level 5. HP: 24/24 MP: 9/9
  2862 | D:2      | HP: 1/24 [poisoned by an adder]
  2868 | D:2      | HP: 1/24 [poisoned by an adder]
  3731 | D:3      | Reached skill level 5 in Hexes
  4005 | D:3      | Reached XP level 6. HP: 28/28 MP: 8/10
  4116 | D:4      | Found Qapnaz's Distillery.
  4689 | D:4      | Found a shimmering altar of Xom.
  4690 | D:4      | Found a burning altar of Makhleb.
  4824 | D:4      | Reached XP level 7. HP: 30/32 MP: 9/11
  5030 | D:5      | Entered Level 5 of the Dungeon
  5192 | D:5      | Reached skill level 6 in Hexes
  5334 | D:4      | Reached skill level 5 in Short Blades
  5437 | D:5      | Found a staircase to the Ecumenical Temple.
  5438 | D:5      | Noticed Pikel
  5578 | D:4      | Killed Pikel
  5578 | D:4      | Reached skill level 7 in Hexes
  5578 | D:4      | Gained mutation: You have razor-sharp teeth. [Vine Stalker
                  | growth]
  5578 | D:4      | Reached XP level 8. HP: 27/36 MP: 0/12
  6069 | Temple   | Entered the Ecumenical Temple
  6211 | D:6      | Learned a level 5 spell: Yara's Violent Unravelling
  6360 | D:6      | Slain by an ogre

Vault maps used:
D:1:      ncdulo_lavacross, hangedman_decor_clover_reticule, minmay_cupped
D:2:      minmay_door_path
D:4:      grunt_temple_overflow_champion_of_chaos, serial_shops, shop_fountains,
          first_ration, nrook_mini_vaults, chequers_big_river
D:5:      minmay_temple_entry_grid, uniq_pikel
D:6:      minitemple, gammafunk_ghost_smash, serial_shops, shop,
          minmay_misc_feat_tiny, uniq_grinder
Temple:   dpeg_three_leaves_temple

Skill      XL: |  1  2  3  4  5  6  7  8 |
---------------+-------------------------+-----
Short Blades   | 1 2 3 4 6 |  6.5
Hexes          | 4 5 7 |  7.9
Stealth        | 4 |  4.1
Dodging        | |  1.5
Spellcasting   | |  2.6

Action                   |  1- 3 |  4- 6 |  7- 9 || total
-------------------------+-------+-------+-------++-------
Melee: Dagger            |   123 |   143 |   107 ||   373
       Bite              |    21 |    28 |    34 ||    83
 Cast: Ensorcelled Hiber |    10 |    41 |    23 ||    74
       Confuse           |       |     2 |    16 ||    18
  Use: Potion            |       |     1 |       ||     1
       Scroll            |       |    10 |     1 ||    11
 Stab: Sleeping          |    20 |    27 |    11 ||    58
       Confused          |       |     1 |     8 ||     9
       Distracted        |       |       |     1 ||     1
  Eat: Chunk             |     4 |    12 |     7 ||    23
Armor: Robe              |    31 |    16 |     9 ||    56
Dodge: Dodged            |    88 |   110 |    55 ||   253

Table legend:
 A = Non-vault XP
 B = Vault XP
 C = Vault XP percentage of total XP
 D = Non-vault monster count
 E = Vault monster count
 F = Vault count percentage of total count
                 A         B        C        D         E       F
            +---------+---------+-------+---------+---------+-------
      Total |    1279 |     717 |  35.9 |     112 |       8 |   6.7
            +---------+---------+-------+---------+---------+-------
        D:1 |      60 |       1 |   1.6 |      24 |       1 |   4.0
        D:2 |     125 |      19 |  13.2 |      31 |       5 |  13.9
        D:3 |     117 |       0 |   0.0 |      22 |       0 |   0.0
        D:4 |     386 |     697 |  64.4 |      13 |       2 |  13.3
        D:5 |     283 |       0 |   0.0 |      16 |       0 |   0.0
        D:6 |     308 |       0 |   0.0 |       6 |       0 |   0.0
            +---------+---------+-------+---------+---------+-------
